 Dungeon Crawl Stone Soup version 0.30-b1-2-g02819fbbbe (webtiles) character file.

Game seed: 17415545588063836743

119 sanka the Gusty (level 4, 0/33 HPs)
             Began as a Demigod Air Elementalist on May 19, 2023.
             Succumbed to a water moccasin's poison
             ... on level 4 of the Dungeon.
             The game lasted 00:04:43 (3093 turns).

sanka the Gusty (Demigod Air Elementalist)          Turns: 3093, Time: 00:04:43

Health: 0/33       AC:  2    Str:  9    XL:     4   Next: 46%
Magic:  7/10       EV: 12    Int: 21    God:
Gold:   142        SH:  0    Dex: 14    Spells: 2/8 levels left

rFire   . . .        c - +0 spear
rCold   . . .        (no shield)
rNeg    . . .        a - +0 robe
rPois   .            (no helmet)
rElec   .            (no cloak)
rCorr   .            (no gloves)
SInv    .            (no boots)
Will    .....        (no amulet)
Stlth   ++           (no ring)
HPRegen 0.25/turn    (no ring)
MPRegen 0.12/turn

%: no passive effects
@: lethally poisoned (0 -> -28)
A: high MP 1, forlorn, divine attributes
a: no special abilities


You were on level 4 of the Dungeon.
You visited 1 branch of the dungeon, and saw 5 of its levels.

You collected 142 gold pieces.

Inventory:

Hand Weapons
 c - a +0 spear (weapon)
Armour
 a - a +0 robe (worn)
Wands
 m - a wand of light (14)
Scrolls
 e - a scroll of teleportation {unknown}
 f - 2 scrolls of blinking {unknown}
 h - a scroll of noise {unknown}
 j - a scroll of silence {unknown}
 k - a scroll of amnesia {unknown}
 l - a scroll of identify {unknown}
Potions
 b - a potion of magic
 d - a potion of curing {@q1}
 g - a potion of resistance {unknown}
 i - 2 potions of flight {unknown}
 n - a potion of might {unknown}
 o - a potion of heal wounds {unknown}


   Skills:
 - Level 1.7 Dodging
 - Level 1.7 Stealth
 + Level 2.5 Spellcasting
 - Level 1.0 Conjurations
 + Level 4.5 Air Magic


You had 2 spell levels left.
You knew the following spells:

 Your Spells              Type           Power      Damage    Failure   Level
a - Shock                 Conj/Air       56%        1d6       4%          1
b - Static Discharge      Conj/Air       28%        2-4/arc   7%          2
c - Swiftness             Air            21%        N/A       6%          3

Your spell library contained the following spells:

 Spells                   Type           Power      Damage    Failure   Level
 Sublimation of Blood     Necr           2%         N/A       22%         2
 Wereblood                Tmut           2%         N/A       22%         2
 Airstrike                Air            10%        2d(2-18)  22%         4
 Ozocubu's Armour         Ice            2%         N/A       38%         3
 Ozocubu's Refrigeration  Ice            1%         4d7       100%        7
 Summon Hydra             Summ           1%         N/A       100%        7


Dungeon Overview and Level Annotations

Branches:
Dungeon (5/15)
 Temple: D:4-7


Innate Abilities, Weirdness & Mutations

You have an increased reservoir of magic. (+10% MP)
You shall have no god before yourself.
Your divine heritage dramatically boosts your attributes as you level up.


Message History

You climb upwards.
Found a potion of curing.
Found a stone staircase leading down.
There is a stone staircase leading down here.
The zap hits the water moccasin.
The water moccasin is lightly wounded.
The water moccasin hisses angrily.
The zap hits the water moccasin.
The water moccasin is lightly wounded.
The water moccasin bites you.
You are poisoned.
The water moccasin poisons you!
The water moccasin attacks as you move away!
The water moccasin bites you.
You are lethally poisoned!
The water moccasin poisons you!
You feel very sick.
You feel very sick. The water moccasin misses you.
Casting: Shock (safe; 4% risk of failure)
Confirm with . or Enter, or press ? or * to list all spells.
Aiming: Shock (safe; 4% risk of failure)
Press: ? - help, Shift-Dir - straight line, p - water moccasin The zap hits the water moccasin.
The water moccasin is moderately wounded.
The zap hits the water moccasin.
The water moccasin is heavily wounded.
* * * LOW HITPOINT WARNING * * *
You feel very sick. The water moccasin bites you.
* * * LOW HITPOINT WARNING * * *
You are more poisoned.
The water moccasin poisons you! The water moccasin barely misses you.
Unknown command.
Casting: Shock (safe; 4% risk of failure)
Confirm with . or Enter, or press ? or * to list all spells.
Aiming: Shock (safe; 4% risk of failure)
Press: ? - help, Shift-Dir - straight line The zap misses the water moccasin.
The zap hits the water moccasin.
The water moccasin is heavily wounded.
You die...

#..........#
#..........#
#..........#
#.>.........#
###.........#
##........# ..
#####....####....
####.S.......
#@.####.. #..#
#...# ....#
.....# ......#
........
.........#


You could see a water moccasin.

Vanquished Creatures
  5 adders
  2 worms
  2 dart slugs
  4 endoplasms
  A giant cockroach (D:1)
  5 goblins
  9 hobgoblins
  7 jackals (D:1)
  4 quokkas
  5 ball pythons
  4 bats
  6 frilled lizards
  4 kobolds
  4 rats
62 creatures vanquished.

Vanquished Creatures (others)
  3 fungi (D:1)
  8 plants (D:1)
11 creatures vanquished.

Grand Total: 73 creatures vanquished

Notes
Turn   | Place    | Note
-------+----------+-------------------------------------------
     0 | D:1      | sanka the Demigod Air Elementalist began the quest for the
                  | Orb.
     0 | D:1      | Reached XP level 1. HP: 14/14 MP: 5/5
    29 | D:1      | Reached skill level 1 in Conjurations
   163 | D:1      | Reached skill level 3 in Air Magic
   271 | D:1      | Reached XP level 2. HP: 20/20 MP: 2/7
  1427 | D:2      | Reached XP level 3. HP: 26/26 MP: 5/8
  1524 | D:2      | Reached skill level 4 in Air Magic
  1645 | D:2      | Learned a level 2 spell: Static Discharge
  1649 | D:2      | Learned a level 3 spell: Swiftness
  2082 | D:2      | Reached XP level 4. HP: 33/33 MP: 8/10
  2968 | D:3      | You fall into a shaft and drop 2 floors!
  2968 | D:5      | Entered Level 5 of the Dungeon
  3079 | D:4      | Noticed a water moccasin
  3093 | D:4      | Succumbed to a water moccasin's poison

Illustrated notes

Levels and vault maps discovered:
D:1:      evilmike_arrival_crescent, layout_basic,
          shapermc_ecumenical_altar_mp_ritualfount, supply_closet_lemuel
D:2:      layout_loops_ring, minmay_pentomino_r4
D:3:      layout_loops_cross
D:4:      layout_cave_pods, uniq_crazy_yiuf_cottage
D:5:      minmay_chambers_of_fours, layout_basic, mainiacjoe_overflow_boulevard,
          corexii_leaking_fountain

Skill      XL: |  1  2  3 |
---------------+----------+-----
Conjurations   | 1 |  1.0
Spellcasting   | 2 |  2.5
Air Magic      | 3 4 |  4.5
Dodging        | |  1.7
Stealth        | |  1.7

Action                     |  1- 3 |  4- 6 || total
---------------------------+-------+-------++-------
  Melee: Spear             |    19 |       ||    19
   Cast: Shock             |    97 |    52 ||   149
 Armour: Robe              |     5 |       ||     5
  Dodge: Dodged            |    31 |     9 ||    40
